Map: Echo LE

Players

CatZ - Winner!

  • Race: Zerg Zerg
  • Spawn Location: 5:00

Kapu (Jade)

  • Race: Protoss Protoss
  • Spawn Location: 11:00

Event: LycanGTV LotV Beta Tournament 1

VOD

Have the link to the VOD?

Description

Time

  • Played on: April 2, 2015, 1:25 p.m.
  • Length: 3:51

All games in this series

Show
View Real Time Build Order
Export as new Build Order

CatZ Zerg - Winner!

Build Orders: Pool Only 

Get SALT Encoding   

  12  0:01  Drone  
  13  0:21  Spawning Pool  
  12  0:25  Drone  
  12  0:28  Extractor  
  12  0:30  Drone  
  13  0:35  Drone  
  14  0:44  Overlord  
  14  1:07  Queen  
  14  1:09  Zergling x4  
  18  1:11  Zergling x2  
  19  1:25  Roach Warren  
  18  1:34  Metabolic Boost  
  18  1:39  Drone  
  19  1:49  Overlord  
  19  2:00  Extractor  
  18  2:08  Roach x2  
  22  2:16  Roach  
  23  2:31  Zergling x4  
  23  2:32  Zergling x2  
  25  2:51  Overlord  
  25  3:00  Ravager x2  
  25  3:01  Ravager  
  25  3:03  Zergling x2  
  29  3:11  Zergling x4  
  31  3:16  Zergling x2  
  32  3:23  Zergling x4  
Show
View Real Time Build Order
Export as new Build Order

Kapu Protoss 

Build Orders: 1 Gate Expand 

Get SALT Encoding   

  12  0:01  Probe  
  13  0:14  Pylon  
  13  0:17  Probe  
  14  0:36  Gateway, Probe (Chrono Boost)  
  15  0:46  Probe (Chrono Boost)  
  15  0:49  Assimilator  
  16  0:53  Probe  
  17  1:05  Probe (Chrono Boost)  
  18  1:15  Probe (Chrono Boost)  
  19  1:22  Probe  
  19  1:23  Cybernetics Core  
  20  1:34  Probe  
  20  1:37  Nexus  
  21  1:44  Pylon  
  21  1:51  Probe (Chrono Boost)  
  22  2:03  Probe (Chrono Boost)  
  23  2:10  Zealot (Chrono Boost)  
  23  2:11  Pylon  
  23  2:12  Mothership Core (Chrono Boost)  
  27  2:29  Probe  
  28  2:36  Stalker  
  30  2:42  Pylon  
  30  2:49  Probe (Chrono Boost)  
  32  2:56  Probe (Chrono Boost)  
  33  2:58  Probe (Chrono Boost)  
  33  3:02  Gateway, Probe (Chrono Boost)  
  33  3:03  Gateway  
  34  3:06  Probe (Chrono Boost)  
  35  3:13  Assimilator  
  37  3:20  Probe x2 (Chrono Boost)  
  37  3:23  Robotics Facility  
  35  3:29  Probe  

Tags
 
Add a new tag
Caveats
  • Supply blocks, unpowered buildings, or Contaminate may cause inaccurate times.
  • Supply counts are checked every 10 seconds.